 Dungeon Crawl Stone Soup version 0.30-a0-862-g1aabd4f9c5 (webtiles) character file.

Game seed: 17682363725372096110

8982 Newt the Skirmisher (level 11, -18/61 HPs)
             Began as a Kobold Hunter on Mar 9, 2023.
             Was a Believer of Hepliaklqana.
             Demolished by a centaur warrior simulacrum (26 damage)
             ... on level 10 of the Dungeon.
             The game lasted 00:12:52 (11627 turns).

Newt the Skirmisher (Kobold Hunter)                Turns: 11627, Time: 00:12:54

Health: -18/61     AC:  6    Str:  7    XL:     11   Next: 65%
Magic:  0/19       EV: 19    Int:  9    God:    Hepliaklqana [**....]
Gold:   697        SH:  0    Dex: 28    Spells: 19/21 levels left

rFire   . . .      SeeInvis .    a - +5 shortbow
rCold   . . .      Faith    .    (shield currently unavailable)
rNeg    . . .      Spirit   +    h - +2 leather armour {Will+}
rPois   +          Reflect  .    (no helmet)
rElec   .          Rampage  .    j - +0 cloak
rCorr   .          Clarity  +    (no gloves)
Will    +....                    (no boots)
Stlth   +++                      A - amulet of guardian spirit
HPRegen 0.30/turn                v - ring of protection from cold
MPRegen 0.16/turn                (no ring)

@: wereblooded
A: reduced essence, small, no large weapons, nightstalker 3, agile 1, clarity,
poison resistance, cold vulnerability 1
a: Renounce Religion, Recall Ancestor, Ancestor Identity


You were on level 10 of the Dungeon.
You worshipped Hepliaklqana.
Hepliaklqana was pleased with you.
You visited 2 branches of the dungeon, and saw 11 of its levels.
You also visited: Ossuary.

You collected 697 gold pieces.

Inventory:

Hand Weapons
 a - a +5 shortbow (weapon)
Armour
 c - a +0 leather armour
 h - a +2 leather armour of willpower (worn)
 j - a +0 cloak (worn)
 u - a +3 leather armour
 M - +0 acid dragon scales
Jewellery
 d - an amulet of faith
 v - a ring of protection from cold (left hand)
 w - a ring of fire
 y - a ring of ice
 A - an amulet of guardian spirit (around neck)
 G - a ring of fire
Wands
 C - a wand of iceblast (12)
 J - a wand of polymorph (2)
 L - a wand of acid (7)
Scrolls
 b - 3 scrolls of immolation
 e - 4 scrolls of amnesia
 i - 5 scrolls of teleportation
 l - a scroll of blinking
 m - a scroll of fog
 s - a scroll of silence
 D - a scroll of summoning
 F - 2 scrolls of noise
 H - 2 scrolls of identify
 I - a scroll of magic mapping
Potions
 f - 3 potions of curing
 g - 3 potions of resistance
 k - 4 potions of attraction
 n - 3 potions of cancellation
 o - 5 potions of lignification
 p - 3 potions of flight
 q - 7 potions of mutation
 r - 3 potions of berserk rage
 t - 2 potions of might
 x - 3 potions of ambrosia
 z - 2 potions of invisibility
 E - a potion of heal wounds
 K - a potion of degeneration
Miscellaneous
 B - a box of beasts


   Skills:
 - Level 8.0 Fighting
 - Level 14.0 Ranged Weapons
 - Level 4.0 Armour
 - Level 6.0 Dodging
 - Level 1.3 Stealth
 - Level 5.6 Spellcasting
 - Level 5.6 Transmutations
 + Level 4.1 Invocations
 - Level 6.0 Evocations


You had 19 spell levels left.
You knew the following spells:

 Your Spells              Type           Power      Damage    Failure   Level
a - Wereblood             Tmut           12%        N/A       4%          2

Your spell library contained the following spells:

 Spells                   Type           Power      Damage    Failure   Level
 Beastly Appendage        Tmut           24%        N/A       3%          1
 Passwall                 Tmut/Erth      5%         N/A       16%         2
 Spider Form              Tmut/Pois      7%         N/A       32%         3
 Magic Dart               Conj           8%         1d3       34%         1
 Sandblast                Erth           4%         2d4       34%         1
 Summon Small Mammal      Summ           8%         N/A       34%         1
 Call Imp                 Summ           2%         N/A       45%         2
 Sublimation of Blood     Necr           2%         N/A       45%         2
 Call Canine Familiar     Summ           2%         N/A       71%         3
 Mephitic Cloud           Conj/Pois/Air  2%         N/A       71%         3
 Stone Arrow              Conj/Erth      4%         3d7       71%         3
 Summon Guardian Golem    Hex/Summ       2%         N/A       71%         3
 Tukima's Dance           Hex            2%         N/A       71%         3
 Yara's Violent Unravell  Hex/Tmut       3%         3d4       96%         5
 Animate Armour           Summ/Erth      4%         N/A       98%         4
 Passage of Golubria      Tloc           2%         N/A       98%         4
 Lee's Rapid Deconstruct  Erth           1%         3d4*      100%        5
 Iron Shot                Conj/Erth      1%         9d1       100%        6
 Orb of Destruction       Conj           1%         9d5       100%        7
 Spellforged Servitor     Conj/Summ      1%         N/A       100%        7
 Summon Hydra             Summ           1%         N/A       100%        7
 Lehudib's Crystal Spear  Conj/Erth      1%         10d2      100%        8


Dungeon Overview and Level Annotations

Branches:
Dungeon (10/15)            Temple (1/1) D:6         Ossuary (visited)
   Lair: D:8-11         Orc: D:9-12

Altars:
Ashenzari
Cheibriados
Dithmenos
Elyvilon
Fedhas
Gozag
Hepliaklqana
Kikubaaqudgha
Makhleb
Nemelex Xobeh
Qazlal
Ru
Sif Muna
Trog
Uskayaw
Vehumet
Wu Jian
Xom
Yredelemnul
Zin
The Shining One

Shops:
D:5 (   D:9 *

Annotations:
D:3 Robin


Innate Abilities, Weirdness & Mutations

Your life essence is reduced to manifest your ancestor. (-10% HP)
You are small and have problems with some larger weapons.
You are completely attuned to the shadows.
You are agile. (Dex +4, Str/Int -1)
You possess an exceptional clarity of mind.
Your system is resistant to poisons. (rPois)
You are vulnerable to cold. (rC-)


Message History

The centaur warrior simulacrum freezes Aula!
Aula resists.
The centaur warrior simulacrum kicks Aula but does no damage.
The kobold shoots a sling bullet.
The sling bullet barely misses you.
The centaur warrior simulacrum hits Aula but does no damage.
Aula blocks the centaur warrior simulacrum's attack.
Aula hits the centaur warrior simulacrum with a +0 flail!
The kobold unwields a +0 sling.
The kobold wields a +0 long sword.
The kobold closely misses you.
Items here: ! ( ) [ †.
Unknown command.
Fire: a) +5 shortbow
Press: ? - help, Shift-Dir - straight line, f - kobold, p - centaur warrior simulacrum
Aim: a kobold, wielding a +0 long sword (73% to hit)
You shoot an arrow. The arrow hits the kobold!
You feel a bit better.
You kill the kobold!
The centaur warrior simulacrum hits Aula.
Aula is destroyed!
Okay, then.
Fire: a) +5 shortbow
Press: ? - help, Shift-Dir - straight line, f - centaur warrior simulacrum
Aim: a centaur warrior simulacrum (severely damaged, 91% to hit)
You shoot an arrow.
The arrow hits the centaur warrior simulacrum.
The centaur warrior simulacrum is severely damaged.
Unknown command.
Fire: a) +5 shortbow
Press: ? - help, Shift-Dir - straight line, f/p - centaur warrior simulacrum
Aim: a centaur warrior simulacrum (severely damaged, 91% to hit)
You shoot an arrow.
The arrow hits the centaur warrior simulacrum.
The centaur warrior simulacrum is almost destroyed.
You howl as the wereblood boils in your veins!
The centaur warrior simulacrum hits you.
The centaur warrior simulacrum freezes you!!
* * * LOW HITPOINT WARNING * * *
The centaur warrior simulacrum kicks you.
* * * LOW HITPOINT WARNING * * *
The centaur warrior simulacrum freezes you!!
You die...

####### .. .#)..# ....
....# ....##...# ###
.....#@..####.##
.....Z.)..##§..##
.##K##...#.§§§§#
....#.#...#..§§§# ....
........§.§#
..........##.§..#######
...........##.####.....
.......###........
...###..........##


You could see a centaur warrior simulacrum and a kobold.

Vanquished Creatures
  An ugly thing (D:9)
  A cyclops (D:7)
  A troll (D:10)
  2 hornets
  A polar bear (D:9)
  Grinder (D:5)
  A centaur simulacrum (D:10)
  A shadow (D:7)
  A wraith (D:7)
  7 yaks
  A wyvern (D:7)
  Eustachio (D:5)
  2 steam dragons
  Edmund (D:6)
  An acid dragon (D:10)
  4 water moccasins
  3 black bears
  2 orc warriors (D:8)
  2 ice beasts
  3 ogres
  2 centaurs
  A phantom (D:6)
  3 kobold brigands
  8 bullfrogs
  A scorpion (D:5)
  2 gnoll sergeants
  3 water moccasin zombies (Ossuary)
  A wight (D:9)
  3 killer bees (D:9)
  2 howler monkeys (D:6)
  2 jellies
  6 orc priests
  A gnoll bouda (D:7)
  Crazy Yiuf (D:2)
  6 hounds
  8 iguanas
  A sleepcap (D:7)
  6 orc wizards
  3 mummies
  7 adders
  17 gnolls
  A river rat (D:6)
  A shadow imp (D:7)
  5 white imps
  An ufetubus (D:4)
  6 adder zombies (Ossuary)
  3 worms
  3 dart slugs
  33 orcs
  6 endoplasms
  6 giant cockroaches
  6 goblins
  7 hobgoblins
  12 kobolds
  2 quokkas (D:4)
  A ball python (D:6)
  8 bats
  5 frilled lizards
  7 gnoll zombies (Ossuary)
  6 hobgoblin zombies
  4 kobold zombies
  6 orc zombies (Ossuary)
  22 rats
272 creatures vanquished.

Vanquished Creatures (collateral kills)
  A troll (D:7)
  2 steam dragons (D:8)
  An orc warrior (D:9)
  A kobold brigand (D:9)
  A bullfrog (D:7)
  2 killer bees (D:9)
  An orc wizard (D:10)
  2 orcs (D:8)
  2 kobolds (D:9)
13 creatures vanquished.

Vanquished Creatures (others)
  A knight (D:10)
  9 fungi (D:8)
  4 toadstools (D:1)
14 creatures vanquished.

Grand Total: 299 creatures vanquished

Notes
Turn   | Place    | Note
-------+----------+-------------------------------------------
     0 | D:1      | Newt the Kobold Hunter began the quest for the Orb.
     0 | D:1      | Reached XP level 1. HP: 12/12 MP: 1/1
    96 | D:1      | Reached XP level 2. HP: 18/18 MP: 2/2
   383 | D:1      | Reached XP level 3. HP: 23/23 MP: 3/3
   810 | D:2      | Found a burning altar of Makhleb.
  1035 | D:2      | Reached XP level 4. HP: 21/30 MP: 4/4
  1482 | D:2      | Found a runed translucent door.
  1485 | D:2      | Noticed Crazy Yiuf
  1488 | D:2      | Killed Crazy Yiuf
  1489 | D:2      | Reached skill level 5 in Fighting
  1811 | D:3      | Found an ancient bone altar of Kikubaaqudgha.
  1980 | D:3      | Reached XP level 5. HP: 28/35 MP: 5/5
  2096 | D:3      | Found an opulent altar of Gozag.
  2156 | D:3      | Noticed Robin
  2414 | D:3      | Reached skill level 6 in Ranged Weapons
  2586 | D:4      | Found a sparkling altar of Nemelex Xobeh.
  2829 | D:4      | Found a sand-covered staircase.
  2838 | D:4      | Reached skill level 7 in Ranged Weapons
  2838 | D:4      | Reached XP level 6. HP: 20/40 MP: 6/6
  2841 | Ossuary  | Entered an ossuary
  3129 | Ossuary  | Reached skill level 8 in Ranged Weapons
  3351 | Ossuary  | Reached XP level 7. HP: 11/44 MP: 7/7
  3711 | Ossuary  | Reached skill level 9 in Ranged Weapons
  4383 | D:5      | Entered Level 5 of the Dungeon
  4553 | D:5      | Found Javifoqor's Antique Weapon Shop.
  4670 | D:5      | Reached skill level 10 in Ranged Weapons
  4809 | D:5      | Reached XP level 8. HP: 47/49 MP: 8/8
  4837 | D:5      | Noticed Edmund
  4883 | D:6      | Gained mutation: You are vulnerable to cold. (rC-) [potion
                  | of mutation]
  4883 | D:6      | Gained mutation: Your system is resistant to poisons.
                  | (rPois) [potion of mutation]
  4883 | D:6      | Gained mutation: You possess an exceptional clarity of
                  | mind. [potion of mutation]
  4883 | D:6      | Gained mutation: You are agile. (Dex +4, Str/Int -1)
                  | [potion of mutation]
  4889 | D:6      | Killed Edmund
  4890 | D:6      | Reached skill level 5 in Dodging
  5324 | D:5      | Reached skill level 11 in Ranged Weapons
  5345 | D:5      | Noticed Eustachio
  5358 | D:5      | Killed Eustachio
  5558 | D:5      | Noticed Grinder
  5581 | D:5      | Killed Grinder
  5582 | D:5      | Reached skill level 12 in Ranged Weapons
  5582 | D:5      | Reached XP level 9. HP: 54/54 MP: 9/9
  5781 | D:6      | Reached skill level 13 in Ranged Weapons
  5842 | D:6      | Found a staircase to the Ecumenical Temple.
  5848 | Temple   | Entered the Ecumenical Temple
  6143 | Temple   | Became a worshipper of Hepliaklqana the Forgotten
  6975 | D:7      | Reached skill level 14 in Ranged Weapons
  6981 | D:7      | Reached skill level 1 in Evocations
  7514 | D:7      | Noticed a troll
  7523 | D:7      | Reached skill level 5 in Evocations
  7667 | D:7      | Reached skill level 1 in Armour
  7667 | D:7      | Reached XP level 10. HP: 44/59 MP: 10/10
  7891 | D:7      | Noticed a cyclops
  7895 | D:7      | Killed a cyclops
  8072 | D:7      | Reached * piety under Hepliaklqana
  8905 | D:8      | Learned a level 2 spell: Wereblood
  8986 | D:8      | Reached skill level 1 in Spellcasting
  8986 | D:8      | Reached skill level 1 in Transmutations
  9403 | D:8      | Found a basalt altar of Yredelemnul.
  9410 | D:8      | Reached ** piety under Hepliaklqana
  9411 | D:8      | Remembered your ancestor Aula as a knight
  9448 | D:8      | Reached XP level 11. HP: 61/61 MP: 15/15
  9807 | D:8      | Found a hide-covered altar of Uskayaw.
 10404 | D:9      | Found Zin's Purification Station.
 10407 | D:9      | Found a glowing silver altar of Zin.
 10551 | D:9      | Noticed a green ugly thing
 10564 | D:9      | Reached skill level 5 in Spellcasting
 10564 | D:9      | Reached skill level 5 in Transmutations
 10569 | D:9      | Killed a green ugly thing
 10711 | D:9      | Found a sacrificial altar of Ru.
 10715 | D:9      | Found a shadowy altar of Dithmenos.
 10716 | D:9      | Found a glowing golden altar of the Shining One.
 10814 | D:9      | Got the Anthology of Quicksand
 10896 | D:9      | Found a bloodstained altar of Trog.
 11243 | D:10     | Entered Level 10 of the Dungeon
 11252 | D:10     | Reached skill level 1 in Invocations
 11509 | D:10     | Reached *** piety under Hepliaklqana
 11627 | D:10     | Demolished by a centaur warrior simulacrum

Illustrated notes

Levels and vault maps discovered:
D:1:      ldierk_walled_garden_2, layout_basic, minivault_27
D:2:      layout_loops_cross, basic_altar, nicolae_figureground_sparkle,
          uniq_crazy_yiuf_cottage
D:3:      layout_basic, grunt_gozag_breadcrumbs, kiku_gazebo_pond_becter,
          dk_vineyard_1, uniq_robin
D:4:      layout_rooms, overflow_temple_1_default, nicolae_ossuary_entry_giza,
          minmay_rat_hole
D:5:      layout_cave_pods, serial_shops, shop, uniq_grinder, uniq_edmund,
          uniq_eustachio
D:6:      layout_basic, minmay_temple_entry_purple_smoke, portal_sewer_entry_c
D:7:      wad_guarded_room, layout_basic
D:8:      kennysheep_steamy, layout_loops_cross, nicolae_uskayaw_dance_studio,
          overflow_temple_1_default
D:9:      layout_loops_corners, zin_purify, general_overflow_altar, minitemple,
          st_stairs_5, lightli_fourway_metalbox
D:10:     layout_cave_pools, hellmonk_okawaru_the_only_friend_you_need,
          serial_ice, serial_ice_m, serial_ice_a, serial_ice_d, serial_ice_h,
          serial_ice_c, roderic_serpentine_path, minmay_diamond_spiral
Temple:   nicolae_temple_bog_church

Skill      XL: |  1  2  3  4  5  6  7  8  9 10 11 |
---------------+----------------------------------+-----
Fighting       | 3 4 5 8 |  8.0
Ranged Weapons | 7 8 10 12 14 | 14.0
Dodging        | 4 6 |  6.0
Evocations     | 6 |  6.0
Armour         | 1 4 |  4.0
Spellcasting   | 2 5 |  5.6
Transmutations | 2 5 |  5.6
Invocations    | 4 |  4.1
Stealth        | |  1.3

Action                     |  1- 3 |  4- 6 |  7- 9 | 10-12 || total
---------------------------+-------+-------+-------+-------++-------
   Fire: Shortbow          |    87 |   228 |   266 |   328 ||   909
   Cast: Wereblood         |       |       |       |     4 ||     4
 Invoke: Ancestor Life: Kn |       |       |       |     1 ||     1
    Use: Scroll            |     6 |     6 |    11 |     3 ||    26
         Potion            |       |     1 |     9 |     1 ||    11
 Armour: Leather armour    |    11 |    44 |    35 |    25 ||   115
         Skin              |       |       |     3 |       ||     3
  Dodge: Dodged            |    44 |   111 |   142 |   113 ||   410

Table legend: (Time is in decaauts)
 A = Elapsed time spent in this place.
 B = Non-inter-level travel time spent in this place.
 C = Inter-level travel time spent in this place.
 D = Time resting spent in this place.
 E = Time spent auto-exploring this place.
 F = Levels seen in this place.
 G = Mean time per level.
                   A        B        C        D        E       F      G
               +--------+--------+--------+--------+--------+-----+--------+
         Total |  11660 |  11182 |    478 |   2030 |   7480 |  12 |  971.7 |
       Dungeon |  10236 |   9789 |    447 |   1171 |   7114 |  10 | 1023.6 |
        Temple |    327 |    297 |     30 |      0 |    286 |   1 |  327.0 |
       Ossuary |   1095 |   1095 |      0 |    859 |     80 |   1 | 1095.0 |
               +--------+--------+--------+--------+--------+-----+--------+

Top non-repeatable levels by time:
     D:7: 1805 daAuts
     D:9: 1523 daAuts
     D:6: 1135 daAuts
     D:8: 1114 daAuts
 Ossuary: 1095 daAuts
     D:5: 981 daAuts
     D:2: 937 daAuts
     D:3: 902 daAuts
     D:4: 900 daAuts
     D:1: 780 daAuts
  Temple: 327 daAuts
    D:10: 155 daAuts
